 Dungeon Crawl Stone Soup version 0.17.0-56-gd8de76c (webtiles) character file.

40 lucasterio the Magician (level 3, -1/21 HPs)
             Began as a High Elf Wizard on Dec 4, 2015.
             Hit by a stone thrown by a kobold (2 damage)
             ... on level 2 of the Dungeon.
             The game lasted 00:05:14 (1639 turns).

lucasterio the Magician (High Elf Wizard)           Turns: 1639, Time: 00:05:14

Health: -1/21      AC:  2    Str:  6    XL:     3   Next: 30%
Magic:  6/9        EV: 12    Int: 22    God:
Gold:   70         SH:  0    Dex: 14    Spells: 1 memorised, 9 levels left

rFire  . . .     SeeInvis .     n - +1 short sword (elec)
rCold  . . .     Clarity  .     a - +0 robe
rNeg   . . .     SustAt   .     (no shield)
rPois  .         Gourm    .     b - +0 hat
rElec  .         Spirit   .     (no cloak)
rCorr  .         Warding  .     (no gloves)
rMut   .         Stasis   .     (no boots)
MR     .....                    (no amulet)
Stlth  ++........               (no ring)
                                (no ring)

@: not resistant to hostile enchantments, unstealthy
A: no striking features
a: no special abilities


You were on level 2 of the Dungeon.
You were not hungry.

You visited 1 branch of the dungeon, and saw 2 of its levels.

You collected 70 gold pieces.

Inventory:

Hand Weapons
 e - a +0 dagger
 n - a +1 short sword of electrocution (weapon)
Armour
 a - a +0 robe (worn)
 b - a +0 hat (worn)
Jewellery
 i - a cursed ring of teleportation {unknown}
Scrolls
 h - a scroll of recharging {unknown}
 m - 3 scrolls of identify {unknown}
 p - a scroll of immolation {unknown}
 q - a scroll of remove curse {unknown}
Potions
 f - a potion of curing {unknown}
 g - 2 potions of heal wounds {unknown}
 j - 3 potions of flight {unknown}
 k - a potion of brilliance {unknown}
Books
 c - a book of Minor Magic

   Spells                             Type                      Level
   a - Magic Dart                     Conjuration                  1
   b - Blink                          Translocation                2
   c - Call Imp                       Summoning                    2
   d - Repel Missiles                 Charms/Air                   2
   e - Slow                           Hexes                        2
   f - Conjure Flame                  Conjuration/Fire             3
   g - Mephitic Cloud                 Conjuration/Poison/Air       3
Comestibles
 d - 2 bread rations
 l - a slice of pizza
 o - 7 chunks of flesh


   Skills:
 - Level 2.1 Dodging
 - Level 2.1 Stealth
 + Level 4.0 Spellcasting
 * Level 3.1 Conjurations
   Level 0.8 Summonings
   Level 1.1 Translocations


You had 9 spell levels left.
You knew the following spells:

 Your Spells              Type           Power        Failure   Level  Hunger
a - Magic Dart            Conj           ###.         3%          1    None


Dungeon Overview and Level Annotations

Branches:
Dungeon (2/15)

Altars:

Annotations:
D:2 Robin


Message History

The kobold throws a stone.
The stone barely misses you.
Casting: Magic Dart
Confirm with . or Enter, or press ? or * to list all spells.
Aiming: Magic Dart
Press: ? - help, Shift-Dir - straight line, f - hobgoblin
Aim: a hobgoblin (consumed by blood-lust)
The magic dart hits the hobgoblin.
The hobgoblin is heavily wounded.
The hobgoblin hits you.
* * * LOW HITPOINT WARNING * * *
Casting: Magic Dart
Confirm with . or Enter, or press ? or * to list all spells.
Aiming: Magic Dart
Press: ? - help, Shift-Dir - straight line, f/p - hobgoblin
Aim: a hobgoblin (heavily wounded, consumed by blood-lust)
Okay, then.
Things that are here:
a club; an inedible chunk of flesh; a kobold skeleton The kobold throws a stone.
The stone hits you.
You die...

######## #......# #......#
####......#
..........########
..........##.....###
..........##....@g.#
####......##.....#(#
.................#)#
...รท.............K...g....
........####.....#.###....
.######.# #.....#.# ..
.#### ...........#.#
.................#.#
.####.# ###K######.#


You could see a hobgoblin (frenzied) and a kobold.

Vanquished Creatures
  A worm (D:2)
  A ball python (D:1)
  5 bats
  2 giant cockroaches
  11 goblins
  5 hobgoblins
  2 kobolds
  6 rats
33 creatures vanquished.

Notes
Turn   | Place    | Note
--------------------------------------------------------------
     0 | D:1      | lucasterio the High Elf Wizard began the quest for the Orb.
     0 | D:1      | Reached XP level 1. HP: 11/11 MP: 6/6
   360 | D:1      | Reached XP level 2. HP: 17/17 MP: 1/7
  1419 | D:2      | Reached XP level 3. HP: 21/21 MP: 6/9
  1603 | D:2      | Reached skill level 4 in Spellcasting
  1628 | D:2      | Noticed Robin
  1637 | D:2      | HP: 1/21 [hobgoblin[Robin] (4)]
  1639 | D:2      | Hit by a stone thrown by a kobold

Action                   || total
-------------------------++-------
Melee: Dagger            ||     2
       Short sword       ||    14
 Cast: Magic Dart        ||    72
 Stab: Distracted        ||     1
  Eat: Chunk             ||     2
